 Dungeon Crawl Stone Soup version 0.26.1-11-gd32895ea62 (webtiles) character file.

Game seed: 8193287177057163427

10596 Towns the Fighter (level 11, 0/99 HPs)
             Began as a Purple Draconian Conjurer on June 26, 2021.
             Was an Elder of Vehumet.
             Slain by a wolf spider (3 damage)
             ... on level 2 of the Lair of Beasts on June 27, 2021.
             The game lasted 02:24:05 (17792 turns).

Towns the Fighter (Purple Draconian Conjurer)      Turns: 17792, Time: 02:24:06

Health: 0/99       AC: 12    Str: 11    XL:     11   Next: 38%
Magic:  1/24       EV: 13    Int: 21    God:    Vehumet [****..]
Gold:   1216       SH:  0    Dex: 12    Spells: 5/29 levels left

rFire    . . .     SeeInvis .   E - +3 short sword (venom)
rCold    . . .     Faith    .   (no shield)
rNeg     . . .     Spirit   .   (armour unavailable)
rPois    .         Reflect  .   (helmet restricted)
rElec    .         Harm     .   K - +1 cloak
rCorr    .         Rampage  .   w - +1 pair of gloves {Dex+3}
Will     +....                  l - +0 pair of boots
Stlth    ++........             (no amulet)
HPRegen  0.26/turn              (no ring)
MPRegen  0.19/turn              (no ring)

@: mighty, lethally poisoned (0 -> -9), short of breath
A: breathe power, unfitting armour, cold-blooded, AC +7
a: Breathe Dispelling Energy, Renounce Religion


You were on level 2 of the Lair of Beasts.
You worshipped Vehumet.
Vehumet was greatly pleased with you.
You visited 3 branches of the dungeon, and saw 13 of its levels.
You also visited: Sewer and Ossuary.

You collected 1216 gold pieces.

Inventory:

Hand Weapons
 c - a +0 whip
 g - a +0 short sword
 m - a +1 dagger of venom
 E - a +3 short sword of venom (weapon)
Missiles
 b - 125 stones (quivered)
 e - 52 poisoned darts
Armour
 f - a +0 pair of gloves
 l - a +0 pair of boots (worn)
 w - a +1 pair of gloves of dexterity (worn)
 K - a +1 cloak (worn)
Jewellery
 h - a cursed amulet of inaccuracy {unknown}
 o - a cursed -4 ring of evasion {unknown}
 s - an uncursed ring of positive energy
 L - a +4 ring of protection {unknown}
Wands
 r - a wand of enslavement (6)
 J - a wand of digging (6)
 M - a wand of polymorph (5)
Scrolls
 d - 3 scrolls of teleportation
 i - a scroll of acquirement {unknown}
 p - 3 scrolls of enchant weapon
 v - a scroll of immolation {unknown}
 x - 2 scrolls of fear {unknown}
 y - 7 scrolls of identify
 z - a scroll of noise {unknown}
 B - 3 scrolls of amnesia {unknown}
 C - 2 scrolls of enchant armour {unknown}
 G - 4 scrolls of remove curse {unknown}
 H - a scroll of magic mapping
Potions
 a - 2 potions of might
 j - 2 potions of flight
 k - 2 potions of haste {unknown}
 n - 9 potions of curing
 q - 5 potions of magic {unknown}
 t - 3 potions of degeneration {unknown}
 u - 3 potions of heal wounds
 A - a potion of brilliance {unknown}
 D - 2 potions of mutation {unknown}
 F - 3 potions of lignification {unknown}
 I - a potion of resistance {unknown}


   Skills:
 + Level 10.1 Fighting
 + Level 3.4 Dodging
 - Level 1.7 Stealth
 - Level 9.5 Spellcasting
 + Level 9.0 Conjurations
 - Level 7.4 Hexes
 - Level 4.0 Translocations
 + Level 5.3 Air Magic


You had 5 spell levels left.
You knew the following spells:

 Your Spells              Type           Power        Failure   Level
a - Magic Dart            Conj           100%         1%          1
b - Searing Ray           Conj           96%          1%          2
c - Dazzling Flash        Conj/Hex       88%          1%          3
d - Fulminant Prism       Conj/Hex       22%          1%          4
e - Conjure Flame         Conj/Fire      29%          1%          3
f - Iskenderun's Mystic   Conj/Tloc      37%          1%          4
g - Airstrike             Air            16%          2%          4
h - Mephitic Cloud        Conj/Pois/Air  30%          1%          3

Your spell library contained the following spells:

 Spells                   Type           Power        Failure   Level
 Lee's Rapid Deconstruct  Erth           4%           41%         5
 Poisonous Vapours        Pois/Air       42%          3%          2
 Freezing Cloud           Conj/Ice/Air   15%          34%         6


Dungeon Overview and Level Annotations

Branches:
Dungeon (10/15)            Temple (1/1) D:4            Lair (2/6) D:8
  Sewer (visited)         Ossuary (visited)
  Swamp: Lair:2-4    Shoals: Lair:2-4     Snake: Lair:2-4    Spider: Lair:2-4
    Orc: D:9-12

Altars:
Ashenzari
Cheibriados
Dithmenos
Elyvilon
Fedhas
Gozag
Hepliaklqana
Kikubaaqudgha
Makhleb
Nemelex Xobeh
Okawaru
Qazlal
Ru
Sif Muna
Trog
Uskayaw
Vehumet
Wu Jian
Xom
Yredelemnul
Zin
The Shining One

Shops:
D:7 *   D:8 (   D:10 *


Innate Abilities, Weirdness & Mutations

You can breathe bolts of dispelling energy.
Your rich purple scales are hard. (AC +7)
You cannot fit into any form of body armour.
You are cold-blooded and may be slowed by cold attacks.


Message History

The wolf spider is severely wounded.
You feel sick. The wolf spider barely misses you.
The wolf spider bites you but does no damage.
The redback bites you! The redback bites you.
The wolf spider barely misses you.
The wolf spider bites you but does no damage.
The jumping spider leaps!
Okay, then.
Okay, then.
You feel very mighty all of a sudden.
You feel sick. The redback bites you.
* * * LOW HITPOINT WARNING * * *
The wolf spider hits you!
* * * LOW HITPOINT WARNING * * *
The wolf spider bites you.
* * * LOW HITPOINT WARNING * * *
The redback bites you.
* * * LOW HITPOINT WARNING * * *
The wolf spider hits you.
You die...

P.#### ..## #...### !....###..#
###..P### .....†.#..## ##...###.P
...........### #...#.#...
...........#.# #P.####...
..s...s.##..# ###..# #...
....°.####..## #...#####...
......# #....#########...###.....
#.....# #......s@.s.......#.#....
####^s.##......s.................
##..^###..#.(#...........P....
#^.^..#...#.#.#..............
##^.^.##...#.#...............
^....##....................
#^....#........#...........
#.....#.###.......... ..##
#.##.>.....


You could see a wolf spider (very poisoned), a jumping spider and a redback.

Vanquished Creatures
  A hydra (Lair:2)
  A two-headed ogre (D:9)
  2 cane toads (Lair:1)
  3 komodo dragons
  A rime drake (Lair:2)
  A troll (D:10)
  Grinder (D:3)
  A wyvern (D:9)
  6 yaks
  Menkaure (D:5)
  Duvessa (D:5)
  4 water moccasins (Lair:1)
  4 orc warriors
  An ice beast (D:10)
  A sky beast (D:10)
  A black bear (D:9)
  2 phantoms
  An ogre (D:8)
  4 centaurs
  3 big kobolds
  12 bullfrogs
  3 scorpions
  Dowan (D:5)
  18 killer bees
  5 wights (D:10)
  4 howler monkeys
  2 bullfrog zombies
  2 centaur zombies
  4 hounds
  A quasit (D:10)
  3 jellies
  7 orc priests
  Crazy Yiuf (D:4)
  A human zombie (Ossuary)
  4 orc wizards
  3 centaur skeletons
  4 bullfrog skeletons
  6 iguanas
  8 worker ants
  A killer bee zombie (D:9)
  5 big kobold zombies (Ossuary)
  3 mummies
  A howler monkey zombie (D:10)
  A worker ant zombie (D:10)
  4 gnolls (D:7)
  15 adders
  A shadow imp (D:5)
  8 white imps
  4 ufetubi
  3 oozes
  An adder zombie (D:2)
  3 adder skeletons
  2 worms
  2 dart slugs
  5 leopard geckos
  15 orcs
  8 giant cockroaches
  2 gnoll zombies (Ossuary)
  5 goblins (D:2)
  6 hobgoblins
  16 jackals
  26 kobolds
  4 quokkas
  3 ball pythons
  10 bats
  7 frilled lizards
  3 hobgoblin zombies (Ossuary)
  A jackal skeleton (D:4)
  2 orc zombies (Ossuary)
  6 rats
  A fulminant prism (D:5)
303 creatures vanquished.

Vanquished Creatures (others)
  55 fulminant prisms
  8 fungi
  9 plants
72 creatures vanquished.

Grand Total: 375 creatures vanquished

Notes
Turn   | Place    | Note
-------+----------+-------------------------------------------
     0 | D:1      | Towns the Draconian Conjurer began the quest for the Orb.
     0 | D:1      | Reached XP level 1. HP: 14/14 MP: 3/3
   144 | D:1      | Reached XP level 2. HP: 22/22 MP: 3/5
   333 | D:1      | Learned a level 2 spell: Searing Ray
   627 | D:1      | Reached skill level 1 in Fighting
  1082 | D:2      | Reached XP level 3. HP: 28/28 MP: 4/6
  1439 | D:2      | Reached XP level 4. HP: 36/36 MP: 6/8
  1483 | D:2      | Reached skill level 2 in Fighting
  2256 | D:3      | Learned a level 3 spell: Dazzling Flash
  2260 | D:3      | Noticed Grinder
  2277 | D:3      | Paralysed by Grinder for 2 turns
  2285 | D:3      | Paralysed by Grinder for 6 turns
  2297 | D:3      | Killed Grinder
  2298 | D:3      | Reached skill level 3 in Fighting
  2298 | D:3      | Reached skill level 5 in Conjurations
  2298 | D:3      | Reached XP level 5. HP: 36/45 MP: 0/10
  2298 | D:3      | Reached XP level 6. HP: 41/51 MP: 0/11
  3610 | D:4      | Reached skill level 1 in Hexes
  3706 | D:4      | Reached skill level 4 in Fighting
  3706 | D:4      | Your scales start taking on a rich purple colour.
  3706 | D:4      | Reached skill level 5 in Spellcasting
  3706 | D:4      | Reached XP level 7. HP: 52/59 MP: 0/14
  4455 | D:4      | Found a runed translucent door.
  4456 | D:4      | Noticed Crazy Yiuf
  4706 | D:4      | Found a staircase to the Ecumenical Temple.
  4715 | Temple   | Entered the Ecumenical Temple
  4916 | Temple   | Became a worshipper of Vehumet
  5114 | D:5      | Entered Level 5 of the Dungeon
  5297 | D:5      | Found a glowing drain.
  5359 | Sewer    | Entered a sewer
  5484 | Sewer    | Reached skill level 5 in Fighting
  5484 | Sewer    | Reached XP level 8. HP: 66/68 MP: 7/16
  5501 | Sewer    | Learned a level 4 spell: Fulminant Prism
  5849 | D:5      | Noticed Menkaure
  5860 | D:5      | Killed Menkaure
  5992 | D:5      | Reached * piety under Vehumet
  5992 | D:5      | Offered knowledge of Shock by Vehumet.
  5993 | D:5      | Noticed Dowan
  6009 | D:5      | Killed Dowan
  6196 | D:5      | Noticed Duvessa
  6366 | D:5      | Killed Duvessa
  7295 | D:6      | Reached skill level 6 in Fighting
  7441 | D:6      | Found a sand-covered staircase.
  7507 | Ossuary  | Entered an ossuary
  7703 | Ossuary  | Reached skill level 5 in Hexes
  8275 | D:6      | Offered knowledge of Foxfire by Vehumet.
  8304 | D:6      | Found a burning altar of Makhleb.
  8347 | D:6      | Reached XP level 9. HP: 75/78 MP: 9/19
  8541 | D:6      | Reached ** piety under Vehumet
  8949 | D:7      | Found Qoteon Fip's Assorted Antiques.
  9505 | D:7      | Offered knowledge of Conjure Flame by Vehumet.
  9510 | D:7      | Learned a level 3 spell: Conjure Flame
  9681 | D:7      | Reached skill level 7 in Fighting
  9857 | D:7      | Learned a level 4 spell: Iskenderun's Mystic Blast
 10042 | D:7      | Reached *** piety under Vehumet
 10426 | D:7      | Reached skill level 8 in Fighting
 10750 | D:8      | Reached XP level 10. HP: 78/88 MP: 7/22
 10886 | D:8      | Offered knowledge of Airstrike by Vehumet.
 11086 | D:8      | Learned a level 4 spell: Airstrike
 11527 | D:8      | Reached skill level 1 in Translocations
 11527 | D:8      | Reached skill level 1 in Air Magic
 11801 | D:8      | Found Noupuy's Weapon Shop.
 11905 | D:8      | Found a staircase to the Lair.
 12538 | D:9      | Noticed a two-headed ogre
 12888 | D:9      | Reached skill level 9 in Fighting
 12963 | D:9      | Reached **** piety under Vehumet
 13254 | D:9      | Killed a two-headed ogre
 13254 | D:9      | Offered knowledge of Lee's Rapid Deconstruction by Vehumet.
 14115 | D:10     | Entered Level 10 of the Dungeon
 14592 | D:10     | Found Tioqiakhla's Mass Market.
 14723 | D:10     | Reached XP level 11. HP: 97/97 MP: 18/24
 15116 | D:4      | Killed Crazy Yiuf
 15696 | Lair:1   | Entered Level 1 of the Lair of Beasts
 17076 | Lair:1   | Learned a level 3 spell: Mephitic Cloud
 17251 | Lair:2   | Noticed an eight-headed hydra
 17509 | Lair:2   | Noticed a five-headed hydra
 17518 | Lair:2   | Killed a five-headed hydra
 17519 | Lair:2   | Reached skill level 10 in Fighting
 17519 | Lair:2   | Reached skill level 5 in Air Magic
 17769 | Lair:2   | Noticed a wolf spider
 17792 | Lair:2   | HP: 3/99 [redback (6)]
 17792 | Lair:2   | Slain by a wolf spider

Illustrated notes

Levels and vault maps discovered:
D:1:      onia_arrival_handbag, layout_loops_cross
D:2:      layout_rooms, dk_noncrumbling_4
D:3:      layout_basic, uniq_grinder
D:4:      layout_cave_pools, lemuel_temple_firewalk_a, serial_rivers,
          chequers_serial_rivers_micro_a, chequers_serial_rivers_marsh,
          chequers_serial_rivers_small_b, chequers_serial_rivers_micro_d,
          chequers_serial_rivers_large_a, uniq_crazy_yiuf_cottage
D:5:      layout_basic, portal_sewer_entry_d, uniq_menkaure, uniq_duvessa
D:6:      layout_cave_pools, old_standard_altar, gup_ossuary_entry_pyramid,
          ebering_dispersal_statue_hall
D:7:      layout_cave_pods, serial_shops, shop
D:8:      layout_cave_pools, david_lair_shrubbed, serial_shops, shop
D:9:      minmay_thinvault, layout_irregular_city
D:10:     layout_loops_ring, minmay_shop_mass
Temple:   kilobyte_greek_temple
Lair:1:   layout_layer_cave, grunt_megastairs_5, infiniplex_staircase_pool_2,
          serial_bayou_shore_b, lemuel_fruit_fields, lemuel_fruit_fields
Lair:2:   layout_cave_pods, palyth_hydra_swamp_entry,
          spider_nest_entry_funnel_web, serial_bayou_shore_b

Skill      XL: |  1  2  3  4  5  6  7  8  9 10 11 |
---------------+----------------------------------+-----
Fighting       | 1 3 4 5 6 8 9 10 | 10.1
Dodging        | 2 3 |  3.4
Spellcasting   | 3 5 7 8 9 |  9.5
Conjurations   | 5 6 7 8 9 |  9.0
Hexes          | 1 3 5 6 7 |  7.4
Translocations | 4 |  4.0
Air Magic      | 4 5 |  5.3
Stealth        | |  1.7

Action                   |  1- 3 |  4- 6 |  7- 9 | 10-12 || total
-------------------------+-------+-------+-------+-------++-------
Melee: Unarmed           |     3 |       |       |       ||     3
       Tailslap          |     2 |     3 |     2 |     4 ||    11
       Whip              |     9 |       |       |       ||     9
       Short sword       |     8 |     2 |    15 |    12 ||    37
       Dagger            |       |    10 |       |       ||    10
Throw: Stone             |     3 |     5 |       |       ||     8
 Cast: Magic Dart        |    53 |    98 |   341 |   176 ||   668
       Searing Ray       |     2 |     9 |    31 |    34 ||    76
       Fulminant Prism   |       |       |    22 |    34 ||    56
       Conjure Flame     |       |       |     2 |     6 ||     8
       Iskenderun's Myst |       |       |     2 |    12 ||    14
       Airstrike         |       |       |       |    31 ||    31
       Dazzling Flash    |       |       |       |     4 ||     4
 Abil: Breathe Dispellin |       |       |     1 |     3 ||     4
  Use: Scroll            |       |     1 |     6 |     4 ||    11
       Potion            |       |       |     4 |     2 ||     6
 Stab: Sleeping          |     1 |     1 |       |       ||     2
Armor: Skin              |     8 |    12 |    53 |    42 ||   115
Dodge: Dodged            |    21 |    21 |   105 |    66 ||   213
